AoeStats
← 黑森林第一巴图鲁

Black Forest

510235373Analyzed
2v2 RM · 2d ago on Sep 30, 2026· 66m 11s· 4 players
Game mode
Random Map
Map size
Medium (4 player)
Population
200
Speed
Normal
Resources
Standard
Victory
Conquest
Starting age
Dark Age
Ending age
Imperial Age
RankedLock teamsTeams togetherTeam positionsShared explorationLock speedFull tech treeHidden civsTurbo modeCheats
Victory
Defeat
🇺🇸 Chinese · United States
778
+14
🇨🇱 Romans · Chile
749
+15
🇲🇽 Lithuanians · Mexico
748
-15
724
-14
AMADOMANDA
0:29 Loom
15:14 Feudal Age
15:37 Horse Collar
15:43 Double-Bit Axe
17:23 Gold Mining
17:24 Stone Mining
21:44 Castle Age
22:28 Wheelbarrow
21:39 Town Watch
22:25 Caravan
22:39 Bow Saw
22:31 Heavy Plow
23:08 Stone Shaft Mining
24:16 Fervor
24:26 Hand Cart
26:28 Town Patrol
28:21 Treadmill Crane
36:09 Imperial Age
35:59 Man-at-Arms
35:59 Pikeman
36:40 Squires
36:25 Arson
37:52 Chemistry
37:03 Fortified Wall
36:44 Heated Shot
36:49 Murder Holes
37:05 Masonry
37:16 Ballistics
38:50 Two-Man Saw
38:22 Crop Rotation
38:05 Forging
37:55 Scale Mail Armor
38:00 Scale Barding Armor
37:46 Fletching
37:56 Padded Archer Armor
38:19 Conscription
38:36 Hoardings
38:18 Elite Leitis
38:59 Hill Forts
39:49 Iron Casting
39:48 Coinage
39:40 Tower Shields
39:39 Long Swordsman
41:46 Two-Man Saw
41:12 Guilds
41:19 Chain Mail Armor
41:24 Chain Barding Armor
41:00 Bodkin Arrow
42:33 Bloodlines
42:24 Husbandry
43:11 Banking
43:48 Two-Handed Swordsman
43:49 Halberdier
45:26 Plate Barding Armor
45:07 Leather Archer Armor
45:25 Architecture
45:41 Champion
46:26 Bracer
48:09 Cavalier
48:10 Light Cavalry
49:23 Ring Archer Armor
57:00 Bombard Tower
黑森林第一巴图鲁
0:36 Loom
13:47 Feudal Age
15:28 Wheelbarrow
14:47 Double-Bit Axe
16:24 Horse Collar
22:26 Castle Age
24:07 Bow Saw
24:45 Town Watch
25:11 Heavy Plow
30:04 Gold Mining
30:05 Stone Mining
30:08 Fletching
30:19 Padded Archer Armor
31:28 Gold Shaft Mining
31:29 Stone Shaft Mining
36:01 Imperial Age
33:51 Leather Archer Armor
36:26 Bodkin Arrow
36:42 Forging
36:38 Scale Barding Armor
36:43 Thumb Ring
37:09 Caravan
37:50 Hand Cart
39:26 Conscription
38:33 Onager
40:20 Town Patrol
42:32 Parthian Tactics
42:45 Drill
43:40 Bloodlines
43:32 Husbandry
42:53 Light Cavalry
43:39 Elite Steppe Lancer
45:17 Fortified Wall
45:28 Ballistics
46:10 Chemistry
46:44 Chain Barding Armor
47:20 Pikeman
48:01 Squires
48:22 Elite Mangudai
49:32 Nomads
50:13 Hussar
52:42 Iron Casting
52:08 Bracer
59:56 Siege Onager
nicolasvillassanta15
0:40 Loom
14:51 Feudal Age
22:16 Castle Age
20:29 Gold Mining
20:33 Stone Mining
20:32 Double-Bit Axe
20:33 Fishing Lines
24:07 Bow Saw
35:55 Imperial Age
33:24 Gillnets
33:40 Pikeman
34:19 Fletching
34:40 Forging
35:08 Fortified Wall
36:57 Iron Casting
36:17 Bodkin Arrow
36:25 Padded Archer Armor
36:18 Halberdier
37:36 Bracer
37:51 Leather Archer Armor
38:57 Chemistry
38:41 Conscription
39:07 Gold Shaft Mining
40:04 Blast Furnace
39:31 Leather Archer Armor
40:32 Wheelbarrow
39:43 Town Watch
39:34 Heavy Rocket Cart
40:58 Ballistics
41:26 Caravan
41:32 Caravan
42:46 Rocketry
44:20 Elite Chu Ko Nu
45:50 Ring Archer Armor
45:42 Squires
45:29 Arson
45:56 Murder Holes
61:03 Sappers
Alfredo Godofredo
0:29 Loom
12:36 Feudal Age
13:05 Double-Bit Axe
13:02 Horse Collar
23:40 Castle Age
24:59 Heavy Plow
25:12 Bow Saw
25:59 Gold Mining
25:59 Stone Mining
28:34 Fortified Wall
29:42 Forging
29:33 Scale Mail Armor
29:38 Scale Barding Armor
33:45 Imperial Age
32:01 Man-at-Arms
32:47 Caravan
34:06 Gold Shaft Mining
34:04 Long Swordsman
34:44 Squires
35:23 Crop Rotation
36:00 Conscription
35:23 Legionary
37:29 Comitatenses
38:39 Iron Casting
38:20 Chain Mail Armor
38:26 Chain Barding Armor
39:14 Wheelbarrow
38:25 Town Watch
39:04 Ballistas
41:52 Chemistry
41:30 Heavy Scorpion
47:02 Blast Furnace
46:37 Plate Barding Armor
45:28 Elite Centurion
57:11 Pikeman
57:39 Halberdier
61:10 Guilds
61:32 Coinage
Connection lost

Rejoining the realm…

Still unreachable

The connection could not be restored.

Session expired

The server has moved on; the page needs a fresh start.